 Dungeon Crawl Stone Soup version 0.24-a0-203-gf0bc1e94ae (webtiles) character file.

Game seed: 17036633719488136528

70613 MirrMurr the Unseen (level 14, -7/74 HPs)
             Began as a Spriggan Enchanter on Mar 25, 2019.
             Was an Initiate of Gozag.
             Shot with an arrow by Nessos (10 damage)
             ... on level 14 of the Dungeon on Mar 26, 2019.
             The game lasted 01:40:09 (39250 turns).

MirrMurr the Unseen (Spriggan Enchanter)           Turns: 39250, Time: 01:40:10

Health: -7/74      AC:  8    Str:  8    XL:     14   Next: 94%
Magic:  26/27      EV: 35    Int: 18    God:    Gozag
Gold:   5052       SH:  9    Dex: 23    Spells: 2/29 levels left

rFire    . . .     SeeInvis +   a - +1 dagger (venom)
rCold    . . .     Gourm    .   Z - +0 buckler
rNeg     . . .     Faith    .   E - +2 steam dragon scales
rPois    +         Spirit   .   (helmet restricted)
rElec    .         Reflect  .   L - +0 cloak of Xakli {Dex+7}
rCorr    +         Harm     .   (gloves unavailable)
MR       ++...                  (boots unavailable)
Stlth    +++++++...             Q - amulet of magic regeneration
HPRegen  0.22/turn              A - ring of poison resistance
MPRegen  0.45/turn              B - ring of resist corrosion

@: very quick
A: very small, unfitting armour, see invisible, herbivore, speed 3, slow
metabolism 2
a: Potion Petition, Call Merchant, Bribe Branch, Renounce Religion


You were on level 14 of the Dungeon.
You worshipped Gozag.
Gozag was greatly pleased with you.
You were hungry.

You visited 4 branches of the dungeon, and saw 23 of its levels.

You collected 6861 gold pieces.
You spent 1703 gold pieces at shops.
You paid 106 gold pieces to Gozag.

Inventory:

Hand Weapons
 a - a +1 dagger of venom (weapon)
 b - a +3 falchion of electrocution
 q - a +0 blowgun
 w - a +0 fustibalus
 K - a +4 falchion of pain
 U - a +4 vampiric dagger
 Y - a +3 scimitar of flaming
Missiles
 d - 5 throwing nets {!f}
 f - 456 stones (quivered)
 G - 54 poisoned needles
 M - 173 sling bullets
 W - 10 curare-tipped needles
Armour
 E - +2 steam dragon scales (worn)
 L - the +0 cloak of Xakli (worn) {Dex+7}
   (You found it on level 7 of the Dungeon)

   It affects your dexterity (+7).
 N - a +2 robe of magic resistance
 Z - a +0 buckler (worn)
Jewellery
 k - an uncursed ring of fire
 m - an uncursed ring of stealth
 s - an uncursed ring of protection from cold
 u - an uncursed ring of protection from magic
 A - a ring of poison resistance (left hand)
 B - a ring of resist corrosion (right hand)
 F - an uncursed ring of flight
 Q - an amulet of magic regeneration (around neck)
Wands
 v - a wand of digging (5)
 z - a wand of iceblast (37)
 S - a wand of scattershot (5)
 T - a wand of paralysis (13)
 V - a wand of clouds (6)
Scrolls
 g - 2 scrolls of magic mapping
 i - 7 scrolls of identify
 j - 12 scrolls of teleportation
 l - 5 scrolls of immolation
 r - 8 scrolls of remove curse
 y - 3 scrolls of fog
 P - 4 scrolls of fear
 R - a scroll of vulnerability
Potions
 e - 4 potions of berserk rage
 h - 2 potions of ambrosia
 n - 5 potions of magic
 o - 5 potions of curing
 p - 6 potions of heal wounds
 t - 4 potions of haste
 x - 2 potions of flight
 C - 6 potions of agility
 D - 3 potions of brilliance
 H - 3 potions of mutation
 I - a potion of resistance
 O - 4 potions of might
 X - 3 potions of lignification
Miscellaneous
 J - a phantom mirror
Comestibles
 c - 19 rations


   Skills:
 + Level 8.7 Fighting
 - Level 10.0 Short Blades
 + Level 17.5 Dodging
 + Level 17.7 Stealth
 - Level 7.2 Shields
 - Level 8.1 Spellcasting
 - Level 10.0 Hexes
 * Level 6.7 Summonings
 * Level 3.2 Ice Magic


You had 2 spell levels left.
You knew the following spells:

 Your Spells              Type           Power        Failure   Level  Hunger
a - Ensorcelled Hibernat  Hex/Ice        ####..       1%          2    None
b - Confuse               Hex            #####...     1%          3    #......
c - Tukima's Dance        Hex            #####...     1%          3    #......
d - Dazzling Spray        Conj/Hex       ####..       3%          3    #......
e - Summon Mana Viper     Hex/Summ       #####...     9%          5    #####..
f - Cause Fear            Hex            #####.....   1%          4    ###....
g - Darkness              Hex            #####.....   24%         6    ######.
m - Confusing Touch       Hex            #####.       1%          1    None

Your spell library contained the following spells:

 Spells                   Type           Power        Failure   Level  Hunger
 Corona                   Hex            #####..      1%          1    None
 Summon Small Mammal      Summ           ####         1%          1    None
 Animate Skeleton         Necr           N/A          10%         1    None
 Apportation              Tloc           #.....       10%         1    None
 Flame Tongue             Conj/Fire      #....        10%         1    None
 Pain                     Necr           #...         10%         1    None
 Sandblast                Erth           #.....       10%         1    None
 Passwall                 Tmut/Erth      #.......     14%         2    None
 Recall                   Summ/Tloc      N/A          8%          3    #......
 Fulminant Prism          Conj/Hex       ####......   12%         4    ###....
 Leda's Liquefaction      Hex/Erth       ####......   12%         4    ###....
 Aura of Abjuration       Summ           ####......   17%         5    #####..
 Summon Demon             Summ           ####......   17%         5    #####..
 Metabolic Englaciation   Hex/Ice        ####......   19%         5    #####..
 Gell's Gravitas          Tloc           #.........   28%         3    #......
 Regeneration             Chrm/Necr      #.........   28%         3    #......
 Stone Arrow              Conj/Erth      #.....       28%         3    #......
 Vampiric Draining        Necr           #.........   28%         3    #......
 Yara's Violent Unravell  Hex/Tmut       ####......   34%         5    #####..
 Summon Forest            Summ/Tloc      ###.......   56%         5    #####..
 Animate Dead             Necr           N/A          67%         4    ###....
 Petrify                  Tmut/Erth      #.......     67%         4    ###....
 Shadow Creatures         Summ           N/A          67%         6    ######.
 Bolt of Magma            Conj/Fire/Erth #.........   95%         5    #####..
 Borgnjor's Vile Clutch   Necr/Erth      #.........   95%         5    #####..
 Lee's Rapid Deconstruct  Erth           #.........   95%         5    #####..
 Bolt of Fire             Conj/Fire      #.........   100%        6    ######.
 Dragon Form              Tmut           #.........   100%        7    #######
 Dragon's Call            Summ           ####......   100%        9    #######


Dungeon Overview and Level Annotations

Branches:
Dungeon (14/15) Temple (1/1) D:7 Lair (6/6) D:8 Shoals (0/4) Lair:4 Spider (0/4) Lair:2 Slime (0/5) Lair:5 Orc (2/2) D:11 Elf (0/3) Orc:2 Vaults (0/5) D:13 D:14

Altars:
Ashenzari
Cheibriados
Dithmenos
Elyvilon
Fedhas
Gozag
Hepliaklqana
Kikubaaqudgha
Makhleb
Nemelex Xobeh
Okawaru
Qazlal
Ru
Sif Muna
Trog
Uskayaw
Vehumet
Wu Jian
Xom
Yredelemnul
Zin
The Shining One
Beogh
Jiyva

Shops:
D:4 ?::*   D:5 %[[   D:11 *   Orc:2 [?**

Annotations:
D:12 3 runed translucent doors dig, nawrastar's ghost, journeyman MiFi
D:14 Nessos
Lair:5 1 runed translucent door, whodunnit's ghost, journeyman SpAs


Innate Abilities, Weirdness & Mutations

You are very small and have problems with some larger weapons.
You are too small for most types of armour.
You have supernaturally acute eyesight. (SInv)
You are a herbivore.
You cover ground extremely quickly.
You need to consume almost no food.


Message History

Aiming: Ensorcelled Hibernation (safe; 1% risk of failure)
Press: ? - help, Shift-Dir - straight line, f/p - seven-headed hydra
Aim: a seven-headed hydra (chance to defeat MR: 26%)
The seven-headed hydra resists with almost no effort.
Nessos shouts!
Nessos shoots an arrow.
The arrow hits you!! The arrow burns you.
Unknown command.
Nessos gestures wildly while chanting.
Nessos seems to speed up.
Nessos shoots an arrow.
The arrow barely misses you.
Nessos blinks!
Nessos shoots an arrow.
The arrow hits you!!
* * * LOW HITPOINT WARNING * * *
The arrow burns you!
* * * LOW HITPOINT WARNING * * *
You see here an arrow.
Nessos shoots an arrow.
The arrow completely misses you.
Nessos shoots an arrow.
The arrow hits you!
You die...
Your body crumbles into a pile of gold.

...# # #.# ...#### #. #.###
......# ##.###...###
...##D# ###....#....(####
...##.## ............(..#
...##..# ##..........##.#
######.##.#.......((D.##.#
....c#.##.#...........##p##
.......<........@....p...>#
.....#..###.....<>.....#.##
.....##.. #.....∩<.....#.#
.... #...#......c[....#.#
#### #p.###...........#.#
#.c# #....$......#.# #..#
#......./...#.# ...#
#...........#.#
#..###.###....


You could see Nessos, a seven-headed hydra and a human.

Vanquished Creatures
  Saint Roka (Orc:2)
  An ettin (Orc:1)
  Harold (D:8)
  5 hydras
  Erica (Lair:1)
  The ghost of MirrMurr the Covert, a journeyman SpEn of Gozag (Lair:2)
  2 centaur warriors
  2 two-headed ogres (D:13)
  Urug (D:14)
  7 orc high priests (Orc:2)
  Sonja (Lair:1)
  3 skeletal warriors (D:13)
  An unseen horror (D:12)
  Pikel (D:6)
  An orc knight (Orc:1)
  4 ugly things
  An oklob plant (Lair:2)
  A deep elf mage (D:12)
  A manticore (D:12)
  5 black mambas
  25 spiny frogs
  An efreet (D:14)
  A rime drake (Lair:6)
  A gargoyle (D:11)
  8 komodo dragons
  9 trolls
  A queen bee (Lair:2)
  A meliai (Lair:2)
  6 polar bears
  4 tyrant leeches (Lair:6)
  2 hornets (Lair:2)
  21 blink frogs
  9 hippogriffs
  A shadow (D:13)
  Sigmund (D:6)
  2 redbacks (Lair:2)
  A spriggan (Lair:1)
  2 basilisks (Lair:6)
  27 yaks
  14 humans
  3 wyverns
  3 steam dragons (D:6)
  6 vampire mosquitoes
  A soldier ant (D:7)
  5 wargs
  2 acid dragons
  11 water moccasins
  13 porcupines
  14 orc warriors
  2 ice beasts
  3 sky beasts
  8 black bears
  12 ogres
  5 phantoms
  6 wolves (Lair:1)
  14 centaurs
  10 crocodiles
  2 big kobolds
  22 bullfrogs
  A wyvern zombie (D:6)
  3 gnoll sergeants
  A wyvern skeleton (D:11)
  7 scorpions
  10 killer bees
  5 howler monkeys
  6 wights
  2 electric eels
  3 crimson imps
  A bullfrog zombie (D:11)
  3 centaur zombies
  5 bullfrog skeletons
  7 centaur skeletons
  2 gnoll shamans (D:7)
  4 hounds
  6 jellies
  34 orc priests
  26 orc wizards
  3 iguanas
  10 worker ants
  A hound zombie (D:6)
  2 hound skeletons
  2 worker ant zombies
  18 gnolls
  12 adders
  6 shadow imps
  9 oozes (D:3)
  2 adder skeletons (D:4)
  An adder zombie (D:7)
  7 worms
  4 dart slugs
  6 leopard geckos
  89 orcs
  A ball python (D:3)
  6 giant cockroaches
  6 goblins
  10 hobgoblins
  12 jackals
  28 kobolds
  2 quokkas
  11 bats
  7 frilled lizards
  A quokka zombie (D:4)
  6 rats
  A plant (Lair:2)
709 creatures vanquished.

Vanquished Creatures (collateral kills)
  5 wights
  An iguana (D:7)
  A worker ant (D:7)
  4 gnolls
11 creatures vanquished.

Vanquished Creatures (others)
  7 dancing weapons
  2 slaves (D:6)
  A jelly (D:6)
  An adder skeleton (D:6)
  A bush (Lair:5)
  17 fungi
  26 plants
  7 toadstools (D:3)
62 creatures vanquished.

Grand Total: 782 creatures vanquished

Notes
Turn   | Place    | Note
-------+----------+-------------------------------------------
     0 | D:1      | MirrMurr the Spriggan Enchanter began the quest for the
                  | Orb.
     0 | D:1      | Reached XP level 1. HP: 9/9 MP: 5/5
   873 | D:1      | Reached skill level 5 in Stealth
   873 | D:1      | Reached XP level 2. HP: 13/13 MP: 6/6
   877 | D:1      | Learned a level 2 spell: Ensorcelled Hibernation
  2316 | D:2      | Reached XP level 3. HP: 9/16 MP: 1/8
  2929 | D:2      | Learned a level 3 spell: Confuse
  3072 | D:2      | Reached XP level 4. HP: 21/21 MP: 5/9
  4577 | D:3      | Reached XP level 5. HP: 21/24 MP: 8/10
  4582 | D:3      | Learned a level 3 spell: Tukima's Dance
  5738 | D:3      | Reached XP level 6. HP: 23/28 MP: 3/11
  6473 | D:4      | Found Ihop's Book Boutique.
  6721 | D:4      | Found a bloodstained altar of Trog.
  6775 | D:4      | Found Byqas's Magic Scroll Shoppe.
  6781 | D:4      | Bought a scroll of remove curse for 33 gold pieces
  6945 | D:4      | Reached skill level 5 in Short Blades
  7420 | D:4      | Found Uraul's Book Boutique.
  7838 | D:4      | Found Eplethay's Assorted Antiques.
  8025 | D:5      | Entered Level 5 of the Dungeon
  8100 | D:5      | Reached skill level 5 in Hexes
  8195 | D:5      | Reached XP level 7. HP: 29/32 MP: 2/13
  9368 | D:5      | Found Xuqyaku's Antique Armour Shop.
  9382 | D:5      | Found Deimn's Armour Shoppe.
  9495 | D:5      | Found Hutsaq's Food Emporium.
  9536 | D:5      | Found Foatifeu's Armour Shop.
 10308 | D:6      | Reached XP level 8. HP: 23/37 MP: 0/15
 10464 | D:6      | Noticed Pikel
 10497 | D:6      | Killed Pikel
 10856 | D:6      | Noticed Sigmund
 11012 | D:6      | Killed Sigmund
 11173 | D:6      | Reached XP level 9. HP: 41/44 MP: 7/16
 11803 | D:7      | Found a sparkling altar of Nemelex Xobeh.
 12405 | D:7      | Reached skill level 10 in Dodging
 12407 | D:7      | Reached skill level 10 in Stealth
 13301 | D:7      | Identified Sif Muna's Tome of Execration and Stolen Souls
 13312 | D:7      | Identified the Catalogue of Battle Magic and Creation
 13315 | D:7      | Got a transparent cloak
 13321 | D:7      | Identified the cursed +0 cloak of Xakli {Dex+7} (You found
                  | it on level 7 of the Dungeon)
 13739 | D:7      | Reached XP level 10. HP: 49/49 MP: 12/17
 13986 | D:7      | Found a staircase to the Ecumenical Temple.
 13998 | Temple   | Entered the Ecumenical Temple
 14240 | Temple   | Became a worshipper of Gozag Ym Sagoz the Greedy
 15152 | D:8      | Found a blossoming altar of Fedhas.
 15347 | D:8      | Learned a level 3 spell: Dazzling Spray
 15469 | D:4      | Bought a book of Misfortune for 200 gold pieces
 15471 | D:4      | Learned a level 1 spell: Confusing Touch
 15590 | D:8      | Noticed Harold
 15593 | D:8      | Killed Harold
 16071 | D:8      | Found a staircase to the Lair.
 16805 | D:8      | Found a blossoming altar of Fedhas.
 16957 | D:8      | Reached skill level 5 in Spellcasting
 17018 | D:9      | You fall through a shaft!
 17018 | D:10     | Entered Level 10 of the Dungeon
 17661 | D:9      | Reached XP level 11. HP: 53/53 MP: 20/20
 19173 | D:11     | Found Fuecuz's General Store.
 19224 | D:11     | Found a staircase to the Orcish Mines.
 19382 | Lair:1   | Entered Level 1 of the Lair of Beasts
 19423 | Lair:1   | Noticed Sonja
 19428 | Lair:1   | Killed Sonja
 20272 | Lair:1   | Noticed Erica
 20493 | Lair:1   | Killed Erica
 20632 | Lair:1   | Reached skill level 5 in Fighting
 20800 | Lair:1   | You fall through a shaft!
 21167 | Lair:2   | Found a hole to the Spider Nest.
 21188 | Lair:2   | Reached skill level 10 in Hexes
 21553 | Lair:2   | Noticed MirrMurr's ghost (journeyman SpEn)
 21915 | Lair:2   | Reached XP level 12. HP: 56/60 MP: 15/22
 21926 | Lair:2   | Reached skill level 10 in Short Blades
 22322 | Lair:2   | Reached skill level 1 in Shields
 22697 | Lair:2   | Noticed a seven-headed hydra
 22710 | Lair:2   | Killed a seven-headed hydra
 22866 | Lair:2   | Found a transporter.
 22870 | Lair:2   | Found a transporter.
 23265 | Lair:2   | Killed MirrMurr's ghost
 23592 | Lair:3   | Reached skill level 15 in Stealth
 23959 | Lair:3   | Reached skill level 5 in Shields
 24740 | Lair:4   | Found a stormy altar of Qazlal.
 24780 | Lair:4   | Noticed a five-headed hydra
 24794 | Lair:4   | Killed a five-headed hydra
 24794 | Lair:4   | Reached skill level 15 in Dodging
 24863 | Lair:4   | Found a staircase to the Shoals.
 25388 | Lair:4   | You fall through a shaft!
 25813 | Lair:5   | Noticed a six-headed hydra
 25818 | Lair:5   | Killed a six-headed hydra
 25939 | Lair:5   | Reached XP level 13. HP: 41/65 MP: 19/23
 25960 | Lair:5   | Noticed whodunnit's ghost (journeyman SpAs)
 26189 | Lair:5   | Found a runed translucent door.
 26265 | Lair:5   | Found a viscous altar of Jiyva.
 26265 | Lair:5   | Found a staircase to the Slime Pits.
 26670 | Lair:6   | Entered Level 6 of the Lair of Beasts
 28885 | D:4      | Bought a book of Summonings for 840 gold pieces
 28891 | D:4      | Learned a level 5 spell: Summon Mana Viper
 28910 | D:4      | Bought a leatherbound book for 330 gold pieces
 28915 | D:4      | Learned a level 4 spell: Cause Fear
 28922 | D:4      | Learned a level 6 spell: Darkness
 29253 | Lair:6   | Reached skill level 1 in Summonings
 31230 | D:12     | Noticed a war gargoyle
 31314 | D:12     | Found a runed translucent gate.
 31314 | D:12     | Found a runed translucent gate.
 31340 | D:12     | Found a runed translucent gate.
 31347 | D:12     | Noticed nawrastar's ghost (journeyman MiFi)
 31347 | D:12     | Noticed a sphinx
 31622 | D:12     | Reached XP level 14. HP: 72/72 MP: 25/27
 33497 | D:13     | Reached skill level 5 in Summonings
 33805 | D:13     | Upgraded the game from 0.24-a0-201-gf2055891f0 to
                  | 0.24-a0-203-gf0bc1e94ae
 33816 | D:14     | Found a gate to the Vaults.
 33816 | D:14     | Noticed Urug
 33816 | D:14     | Noticed Nessos
 34105 | Orc:1    | Entered Level 1 of the Orcish Mines
 34720 | Orc:1    | Found a roughly hewn altar of Beogh.
 35041 | Orc:2    | Entered Level 2 of the Orcish Mines
 35107 | Orc:2    | Noticed Saint Roka
 35432 | Orc:2    | Found a staircase to the Elven Halls.
 36451 | Orc:2    | Found Kirchekep's Assorted Antiques.
 36451 | Orc:2    | Found Latuj's General Store.
 36465 | Orc:2    | Bought a scroll of brand weapon for 300 gold pieces
 36616 | Orc:2    | Reached skill level 1 in Ice Magic
 38063 | Orc:2    | Killed Saint Roka
 38209 | Orc:2    | Found a roughly hewn altar of Beogh.
 38225 | Orc:2    | Found Oliqaf's Armour Shop.
 38225 | Orc:2    | Found Ului's Magic Scroll Shoppe.
 38798 | D:14     | Killed Urug
 39248 | D:14     | HP: 3/74 [Nessos/arrow (11)]
 39250 | D:14     | Shot with an arrow by Nessos

Levels and vault maps discovered:
D:1:      dpeg_arrival_refuge, layout_basic, chequers_serial_rivers_small_a,
          minivault_5
D:2:      minmay_chambers_of_ones, layout_basic, kennysheep_crisscross
D:3:      cheibrodos_fertilizer, layout_loops_ring
D:4:      layout_basic, serial_shops, nicolae_shop_waterfront, shop_statue,
          shop, shop, wad_floor_pattern_1, skrybe_limestone_x,
          minmay_misc_feat_cross, trog_book
D:5:      layout_cave_pods, first_ration, serial_shops, shop,
          nicolae_shop_temple_entry_statues_fountains, shop, shop
D:6:      cheibrodos_steamvent, layout_cave_pools, uniq_pikel, uniq_sigmund
D:7:      minmay_the_grid_octo_tiled_squarecenter
          [minmay_the_grid_octo_checkerflower, minmay_the_grid_octo_fat_diamond,
          minmay_the_grid_octo_checkered, minmay_the_grid_octo_horde,
          minmay_the_grid_square_5x5_megaprize_open,
          minmay_the_grid_square_5x5_sharp_hourglass,
          minmay_the_grid_square_5x5_six, minmay_the_grid_square_5x5_corner,
          minmay_the_grid_square_5x5_n_small], layout_cave_pools,
          nemelex_xobeh_ov_fountains_minmay, temple_green, grunt_ogre_cave
D:8:      layout_basic, david_lair_shrubbed, fedhas_bush_and_centaur_altar,
          uniq_harold
D:9:      layout_basic, hangedman_decor_push, nrook_mini_vaults
D:10:     layout_basic, chequers_serial_rivers_micro_a, nicolae_wand_duel
D:11:     layout_cross, orc_0_dummy, serial_shops, kennysheep_mini,
          kennysheep_generic_room_5
D:12:     layout_rooms, gammafunk_ghost_split, onia_ninara_dug_in_and_dangerous
D:13:     layout_layer_cave
D:14:     layout_basic, david_vaults_3
Temple:   nicolae_temple_the_god_donut
Lair:1:   layout_layer_cave, grunt_forest_large_clearing_hut,
          serial_bayou_shore_a, grunt_megastairs_1, uniq_sonja, uniq_erica
Lair:2:   beast_lair_carwin_large_3, layout_long_grid, spider_nest_entry_a,
          gammafunk_ghost_hive, serial_bayou_shore_b, lemuel_fruit_tree,
          grunt_megastairs_4, minmay_lair_oklob_chamber
Lair:3:   layout_cave_pods, serial_bayou_shore_b
Lair:4:   layout_small_grid, minmay_shoals_entry_centaurs, basic_altar
Lair:5:   layout_roguey, slime_altar_1, hellmonk_ghost_happy_afterlife
Lair:6:   minmay_lair_end_frog_pond, layout_cave_pods, infiniplex_staircase_pool
Orc:1:    layout_caves, basic_altar, nicolae_orc_lava_room
Orc:2:    st_orc_town, layout_diamond_mine, uniq_saint_roka

Skill      XL: |  1  2  3  4  5  6  7  8  9 10 11 12 13 14 |
---------------+-------------------------------------------+-----
Stealth        | 5 6 7 8 11 12 14 15 16 17 | 17.7
Short Blades   | 2 3 4 5 7 8 9 10 | 10.0
Spellcasting   | 3 4 5 6 8 |  8.1
Hexes          | 5 8 10 | 10.0
Fighting       | 3 5 6 7 8 |  8.7
Dodging        | 9 11 12 13 15 16 17 | 17.5
Shields        | 7 |  7.2
Summonings     | 3 6 |  6.7
Ice Magic      | 3 |  3.2

Action                   |  1- 3 |  4- 6 |  7- 9 | 10-12 | 13-15 || total
-------------------------+-------+-------+-------+-------+-------++-------
Melee: Dagger            |   220 |   342 |   283 |   465 |   793 ||  2103
       Falchion          |       |       |       |    95 |   278 ||   373
 Cast: Corona            |     2 |       |       |       |       ||     2
       Ensorcelled Hiber |    20 |    64 |   107 |   180 |   276 ||   647
       Confuse           |       |    18 |    44 |    35 |    41 ||   138
       Tukima's Dance    |       |     3 |     4 |    14 |    13 ||    34
       Confusing Touch   |       |       |       |     3 |    24 ||    27
       Dazzling Spray    |       |       |       |       |     4 ||     4
Invok: Potion Petition   |       |       |       |       |     1 ||     1
Evoke: Wand              |       |       |       |       |     1 ||     1
  Use: Scroll            |     4 |     7 |     4 |    14 |     8 ||    37
       Potion            |       |     1 |     1 |     2 |       ||     4
 Stab: Sleeping          |    16 |    50 |    60 |   139 |   135 ||   400
       Confused          |       |     4 |    26 |    28 |    48 ||   106
       Distracted        |       |       |     1 |     4 |    13 ||    18
       Invisible         |       |       |       |     9 |     8 ||    17
  Eat: Ration            |     1 |     6 |     6 |     8 |     7 ||    28
Armor: Robe              |    30 |    23 |     6 |       |       ||    59
       Steam dragon scal |       |       |     7 |    21 |    40 ||    68
Dodge: Dodged            |   194 |   250 |   152 |   423 |   698 ||  1717
Block: Buckler           |       |       |       |    39 |   322 ||   361
       Rpst.: Falchion   |       |       |       |    30 |    68 ||    98

Table legend:
 A = Non-vault XP
 B = Vault XP
 C = Vault XP percentage of total XP
 D = Non-vault monster count
 E = Vault monster count
 F = Vault count percentage of total count
                 A         B        C        D         E       F
            +---------+---------+-------+---------+---------+-------
      Total |   54036 |   46841 |  46.4 |     484 |     235 |  32.7
            +---------+---------+-------+---------+---------+-------
        D:1 |      44 |       0 |   0.0 |      25 |       0 |   0.0
        D:2 |     101 |      22 |  17.9 |      26 |       5 |  16.1
        D:3 |      70 |     153 |  68.6 |      23 |      18 |  43.9
        D:4 |     249 |       0 |   0.0 |      24 |       0 |   0.0
        D:5 |     619 |       0 |   0.0 |      26 |       0 |   0.0
        D:6 |     749 |    1494 |  66.6 |      18 |       6 |  25.0
        D:7 |    1195 |    1419 |  54.3 |      27 |      29 |  51.8
        D:8 |    1851 |    1476 |  44.4 |      36 |       3 |   7.7
        D:9 |     481 |       0 |   0.0 |      13 |       0 |   0.0
       D:10 |    2037 |       0 |   0.0 |      28 |       0 |   0.0
       D:11 |    1589 |     490 |  23.6 |      17 |       2 |  10.5
       D:12 |    3367 |       0 |   0.0 |      19 |       0 |   0.0
       D:13 |   10405 |    4135 |  28.4 |      42 |      14 |  25.0
       D:14 |    2234 |    1247 |  35.8 |       5 |       3 |  37.5
     Lair:1 |    2740 |    3124 |  53.3 |      17 |       8 |  32.0
     Lair:2 |    2725 |    6211 |  69.5 |       9 |      29 |  76.3
     Lair:3 |    4188 |       0 |   0.0 |      23 |       0 |   0.0
     Lair:4 |    2351 |     343 |  12.7 |       6 |       3 |  33.3
     Lair:5 |    4710 |    3099 |  39.7 |      17 |       9 |  34.6
     Lair:6 |    6947 |   11178 |  61.7 |      28 |      45 |  61.6
      Orc:1 |    3849 |     390 |   9.2 |      33 |       5 |  13.2
      Orc:2 |    1535 |   12060 |  88.7 |      22 |      56 |  71.8
            +---------+---------+-------+---------+---------+-------
